 Dungeon Crawl Stone Soup version 0.31-a0-303-gdc8c9485ea (webtiles) character file.

Game seed: 1983431696381500081

772 LeprechaunX the Changeling (level 7, -1/49 HPs)
             Began as an Octopode Shapeshifter on July 17, 2023.
             Shot with an arrow by a centaur (8 damage)
             ... on level 5 of the Dungeon.
             The game lasted 00:06:43 (3869 turns).

LeprechaunX the Changeling (Octopode Shapeshifter)  Turns: 3869, Time: 00:06:44

Health: -1/49      AC:  1    Str: 16    XL:     7   Next: 83%
Magic:  7/7        EV: 13    Int: 10    God:
Gold:   276        SH:  0    Dex: 13    Spells: 6/6 levels left

rFire   + . .        y - +5 mace
rCold   + . .        (no shield)
rNeg    . . .        (helmet currently unavailable)
rPois   .            (no amulet)
rElec   .            d - ring of protection from cold
rCorr   .            o - ring of protection from fire
SInv    .            (no ring)
Will    .....        (no ring)
Stlth   ++           (no ring)
HPRegen 0.28/turn    (no ring)
MPRegen 0.10/turn    (no ring)
                     (no ring)

%: no passive effects
@: beast-form
A: beast (slay +4), almost no armour, amphibious, 8 rings, camouflage 1,
gelatinous body 1, (nimble swimmer 1), tentacles
a: Begin Untransformation


You were on level 5 of the Dungeon.
You were a hulking beast.
You visited 2 branches of the dungeon, and saw 6 of its levels.

You collected 276 gold pieces.

Inventory:

Hand Weapons
 y - a +5 mace (weapon)
Missiles
 s - 5 boomerangs (quivered)
 w - 2 throwing nets
Jewellery
 d - a ring of protection from cold (left tentacle)
 g - a ring of fire
 o - a ring of protection from fire (right tentacle)
Talismans
 b - a beast talisman
Wands
 v - a wand of flame (20)
Scrolls
 a - a scroll of immolation {unknown}
 f - 2 scrolls of amnesia {unknown}
 i - 5 scrolls of identify {unknown}
 j - 2 scrolls of enchant weapon {unknown}
 l - 2 scrolls of teleportation {unknown}
 m - 2 scrolls of enchant armour {unknown}
 q - a scroll of revelation {unknown}
 t - a scroll of silence {unknown}
 u - 2 scrolls of vulnerability {unknown}
Potions
 c - 2 potions of invisibility {unknown}
 e - a potion of mutation {unknown}
 h - 2 potions of degeneration {unknown}
 k - a potion of curing {unknown}
 n - a potion of might {unknown}
 p - 3 potions of heal wounds {unknown}
 r - a potion of brilliance {unknown}


   Skills:
 + Level 4.5 Fighting
 + Level 0.7 Maces & Flails
 - Level 2.0 Dodging
 + Level 4.5 Unarmed Combat
 * Level 5.8 Shapeshifting


You had 6 spell levels left.
You didn't know any spells.
Your spell library was empty.

Dungeon Overview and Level Annotations

Branches:
Dungeon (5/15)             Temple (1/1) D:4

Altars:
Ashenzari
Dithmenos
Elyvilon
Hepliaklqana
Kikubaaqudgha
Okawaru
Qazlal
Ru
Sif Muna
Trog
Uskayaw
Vehumet
Wu Jian
Xom
Yredelemnul
The Shining One

Shops:
D:4 *


Innate Abilities, Weirdness & Mutations

You are a hulking beast.
Your limbs bulge with bestial killing power. (Slay +4)
You cannot wear most types of armour.
You are amphibious.
You can wear up to eight rings at the same time.
Your skin changes colour to match your surroundings (Stealth+).
Your rubbery body absorbs attacks. (AC +1, EV +1)
((You are camouflaged when in or above water. (Stealth+)))
You have tentacles for arms and can constrict up to eight enemies at once.


Message History

You squeeze the scorpion.
The scorpion is moderately wounded.
The scorpion stings you but does no damage.
The scorpion stings you!
You hit the scorpion. You grab the scorpion.
The scorpion is severely wounded.
You constrict the scorpion, but do no damage.
The scorpion stings you! The scorpion misses you.
You barely miss the scorpion. You squeeze the scorpion.
You kill the scorpion!
No target in view!
i - 5 scrolls labelled PUV OSIM JUIS (gained 1)
You see here a scorpion corpse.
A centaur comes into view.
Found a smoky emerald potion.
A centaur is nearby!
A centaur is nearby!
A centaur is nearby!
Found a leather armour.
Throw: 5 boomerangs
Press: ? - help, Q - select action, (/) - cycle Shift-Dir - straight line, f - centaur
Aim: a centaur (asleep, 98% to hit)
You throw a boomerang. The boomerang hits the centaur.
The centaur is lightly wounded.
The centaur wields a +0 orcbow.
The centaur shoots an arrow.
The arrow completely misses you.
The centaur shoots an arrow.
The arrow closely misses you.
The centaur shoots an arrow.
The arrow hits you!
The centaur shoots an arrow.
The arrow hits you!
The centaur shoots an arrow.
The arrow hits you!
* * * LOW HITPOINT WARNING * * *
The centaur shoots an arrow.
The arrow misses you.
The centaur shoots an arrow.
The arrow barely misses you.
The centaur shoots an arrow.
The arrow hits you!
* * * LOW HITPOINT WARNING * * *
The centaur shoots an arrow.
The arrow barely misses you.
You start resting.
The centaur shoots an arrow.
The arrow closely misses you.
The centaur shoots an arrow.
The arrow hits you!
You die...

....... ......#
.....!#
..:..###
.c.....###
...###..c####
..#
####...########
## ###....##..#
####c.h.##
##...# ##†.#
#..# #..# #..#
#..# #..#
######..#


You could see a centaur.

Vanquished Creatures
  A phantom (D:3)
  Blork the orc (D:5)
  A scorpion (D:5)
  5 wights (D:5)
  2 hounds (D:4)
  An orc priest (D:4)
  2 iguanas (D:4)
  Robin (D:3)
  5 adders
  2 worms
  7 dart slugs
  2 orcs (D:4)
  7 bats
  8 endoplasms
  3 giant cockroaches
  16 goblins
  10 hobgoblins
  4 jackals (D:2)
  7 quokkas
  7 ball pythons
  4 frilled lizards
  7 kobolds
  13 rats
116 creatures vanquished.

Notes
Turn   | Place    | Note
-------+----------+-------------------------------------------
     0 | D:1      | LeprechaunX the Octopode Shapeshifter began the quest for
                  | the Orb.
     0 | D:1      | Reached XP level 1. HP: 14/14 MP: 1/1
   135 | D:1      | Reached XP level 2. HP: 19/19 MP: 2/2
   297 | D:1      | Reached XP level 3. HP: 25/25 MP: 3/3
   440 | D:1      | Found a faded altar of an unknown god.
  1020 | D:2      | Reached XP level 4. HP: 30/30 MP: 4/4
  1371 | D:3      | Noticed Robin
  1404 | D:3      | Killed Robin
  1577 | D:3      | Reached skill level 4 in Shapeshifting
  1609 | D:3      | Reached XP level 5. HP: 31/36 MP: 5/5
  1619 | D:3      | Noticed a phantom
  1627 | D:3      | Killed a phantom
  1875 | D:3      | Found a hide-covered altar of Uskayaw.
  2168 | D:4      | Found an ornate altar of the Wu Jian Council.
  2202 | D:4      | Reached XP level 6. HP: 27/42 MP: 6/6
  2351 | D:4      | Found Juck's Assorted Antiques.
  2864 | D:4      | Found a staircase to the Ecumenical Temple.
  2883 | Temple   | Entered the Ecumenical Temple
  3193 | D:5      | Entered Level 5 of the Dungeon
  3193 | D:5      | Noticed Blork the orc
  3205 | D:4      | Reached skill level 5 in Shapeshifting
  3374 | D:5      | Killed Blork the orc
  3375 | D:5      | Reached XP level 7. HP: 32/48 MP: 7/7
  3869 | D:5      | Shot with an arrow by a centaur

Illustrated notes

Levels and vault maps discovered:
D:1:      grunt_arrival_crossed_arrows, layout_basic,
          shapermc_ecumenical_altar_acropolis
D:2:      layout_basic
D:3:      layout_loops_ring, mainiacjoe_overflow_chevrons, grunt_decor_junction,
          uniq_robin
D:4:      layout_gridville, amcnicky_altar_gilded,
          minmay_temple_entry_overgrown, serial_shops, nicolae_shop_dealshenge
D:5:      layout_cave_pods, uniq_blork_the_orc
Temple:   minmay_temple_curvy_branch

Skill      XL: |  1  2  3  4  5  6 |
---------------+-------------------+-----
Unarmed Combat | 3 4 |  4.5
Shapeshifting  | 4 5 |  5.8
Fighting       | 3 4 |  4.5
Maces & Flails | |  0.7
Dodging        | |  2.0

Action                     |  1- 3 |  4- 6 |  7- 9 || total
---------------------------+-------+-------+-------++-------
  Melee: Unarmed           |    60 |   136 |    12 ||   208
         Constrict         |    21 |    24 |     4 ||    49
         Tentacles         |    11 |    21 |     5 ||    37
         Punch             |     4 |     3 |     1 ||     8
         Mace              |       |       |     6 ||     6
  Throw: Boomerang         |       |    10 |    14 ||    24
    Use: Potion            |       |     1 |       ||     1
   Stab: Sleeping          |    10 |     6 |       ||    16
 Armour: Skin              |     6 |    34 |     1 ||    41
  Dodge: Dodged            |    28 |    68 |    14 ||   110

Table legend: (Time is in decaauts)
 A = Elapsed time spent in this place.
 B = Non-inter-level travel time spent in this place.
 C = Inter-level travel time spent in this place.
 D = Time resting spent in this place.
 E = Time spent auto-exploring this place.
 F = Levels seen in this place.
 G = Mean time per level.
                   A        B        C        D        E       F      G
               +--------+--------+--------+--------+--------+-----+--------+
         Total |   3864 |   3740 |    124 |    461 |   2580 |   6 |  644.0 |
       Dungeon |   3596 |   3472 |    124 |    461 |   2322 |   5 |  719.2 |
        Temple |    267 |    267 |      0 |      0 |    258 |   1 |  267.0 |
               +--------+--------+--------+--------+--------+-----+--------+

Top non-repeatable levels by time:
     D:4: 954 daAuts
     D:1: 806 daAuts
     D:3: 771 daAuts
     D:2: 549 daAuts
     D:5: 514 daAuts
  Temple: 267 daAuts
